 Dungeon Crawl Stone Soup version 0.30-a0-43-gbbf338a72c (webtiles) character file.

Game seed: 8159582391364761696

2221 LnG the Cleaver (level 9, -17/78 HPs)
             Began as a Hill Orc Fighter on Aug 31, 2022.
             Was an Initiate of Okawaru.
             Killed from afar by an acid dragon (29 damage)
             ... with a splash of acid
             ... on level 8 of the Dungeon.
             The game lasted 00:27:53 (8029 turns).

LnG the Cleaver (Hill Orc Fighter)                  Turns: 8029, Time: 00:27:54

Health: -17/78     AC: 10    Str: 23    XL:     9   Next: 35%
Magic:  9/9        EV: 10    Int:  8    God:    Okawaru [......]
Gold:   506        SH: 10    Dex: 10    Spells: 8/8 levels left

rFire   . . .      SeeInvis .    r - +5 hand axe "Amiy" {protect, Will+}
rCold   . . .      Faith    .    c - +0 buckler
rNeg    . . .      Spirit   .    b - +0 scale mail
rPois   .          Reflect  +    j - +0 helmet
rElec   .          Harm     .    (no cloak)
rCorr   .          Rampage  .    h - +0 pair of gloves
Will    ++...                    f - +0 pair of boots
Stlth   ..........               u - amulet of reflection
HPRegen 0.23/turn                i - ring of willpower
MPRegen 0.11/turn                m - ring of flight

@: about to teleport, corroded, under a protective aura, flying
A: no striking features
a: Renounce Religion


You were on level 8 of the Dungeon.
You worshipped Okawaru.
Okawaru was noncommittal.
You visited 2 branches of the dungeon, and saw 9 of its levels.

You collected 506 gold pieces.

Inventory:

Hand Weapons
 a - a +0 war axe
 r - the +5 hand axe "Amiy" (weapon) {protect, Will+}
   (You found it on level 4 of the Dungeon)

   It grants its wielder temporary protection when it strikes (+7 to AC).
   Will:      It increases your willpower.
Missiles
 F - a throwing net (quivered)
Armour
 b - a +0 scale mail (worn)
 c - a +0 buckler (worn)
 f - a +0 pair of boots (worn)
 h - a +0 pair of gloves (worn)
 j - a +0 helmet (worn)
Jewellery
 i - a ring of willpower (left hand)
 k - an amulet of magic regeneration
 l - a +4 ring of evasion
 m - a ring of flight (right hand)
 u - an amulet of reflection (around neck)
 G - a ring of wizardry
Wands
 q - a wand of charming (8)
 t - a wand of flame (43)
 B - a wand of mindburst (12)
Scrolls
 e - a scroll of acquirement {unknown}
 n - 2 scrolls of amnesia
 o - a scroll of noise {unknown}
 s - a scroll of enchant weapon {unknown}
 v - a scroll of immolation {unknown}
 w - a scroll of poison
 y - a scroll of enchant armour {unknown}
 z - a scroll of summoning {unknown}
Potions
 d - 2 potions of might
 g - 4 potions of haste
 p - 3 potions of attraction
 A - a potion of brilliance {unknown}
 C - 2 potions of ambrosia {unknown}
 D - 2 potions of flight {unknown}
 E - a potion of lignification {unknown}


   Skills:
 + Level 6.5 Fighting
 + Level 10.6 Axes
 + Level 6.9 Armour
 + Level 2.3 Dodging
 + Level 1.1 Stealth
 + Level 5.9 Shields


You had 8 spell levels left.
You didn't know any spells.
Your spell library contained the following spells:

 Spells                   Type           Power      Damage    Failure   Level
 Foxfire                  Conj/Fire      0%         2x1d4     78%         1
 Freeze                   Ice            0%         1d3       78%         1
 Static Discharge         Conj/Air       0%         3-3/arc   89%         2
 Conjure Flame            Conj/Fire      0%         6-21      98%         3
 Gell's Gravitas          Tloc           0%         N/A       98%         3
 Inner Flame              Hex/Fire       0%         N/A       98%         3
 Lesser Beckoning         Tloc           0%         N/A       98%         3
 Portal Projectile        Hex/Tloc       0%         N/A       98%         3
 Teleport Other           Tloc           0%         N/A       98%         3
 Dispel Undead            Necr           0%         3d6       100%        4
 Flame Wave               Conj/Fire      0%         2d4       100%        4
 Petrify                  Tmut/Erth      0%         N/A       100%        4
 Sticky Flame             Conj/Fire      0%         2d3       100%        4
 Blade Hands              Tmut           0%         N/A       100%        5
 Metabolic Englaciation   Hex/Ice        0%         N/A       100%        5
 Statue Form              Tmut/Erth      0%         N/A       100%        6
 Tukima's Dance           Hex            Unusable   N/A       N/A         3

Dungeon Overview and Level Annotations

Branches:
Dungeon (8/15)             Temple (1/1) D:7
   Lair: D:8-11

Altars:
Ashenzari
Elyvilon
Gozag
Hepliaklqana
Nemelex Xobeh
Okawaru
Uskayaw
Xom
The Shining One


Message History

Found a runed diamond ring.
You now have 490 gold pieces (gained 15).
Found 12 gold pieces.
You now have 494 gold pieces (gained 4).
You now have 506 gold pieces (gained 12).
G - a ring of wizardry An acid dragon comes into view.
The acid dragon roars!
The acid dragon spits acid at you. The splash of acid hits you!!
The acid corrodes you!
You hear a shout!
You hit the acid dragon but do no damage.
Your weapon exudes an aura of protection.
The acid dragon bites you. You block the acid dragon's attack.
You closely miss the acid dragon. The acid dragon spits acid at you.
The splash of acid misses you.
You hear a shout! x3
You slash the acid dragon!
The acid dragon is moderately wounded.
You hit the acid dragon but do no damage.
The acid dragon is moderately wounded.
The acid dragon barely misses you. You block the acid dragon's attack.
You barely miss the acid dragon.
The acid dragon is moderately wounded.
The acid dragon barely misses you. The acid dragon claws you.
You hit the acid dragon.
The acid dragon is moderately wounded.
The acid dragon spits acid at you. The splash of acid hits you!!
* * * LOW HITPOINT WARNING * * *
The acid corrodes you!
You hear a shout!
As you read the scroll of teleportation, it crumbles to dust.
You feel strangely unstable. The acid dragon bites you.
* * * LOW HITPOINT WARNING * * *
The acid dragon claws you but does no damage.
The acid dragon spits acid at you. The splash of acid hits you!!
You die...

.......... ........
....... ..... .... #
#..# ## # #D.# #.# #
#.# #.. #@# ##.. #.#
##..# # #.## #...#
## #..# ##..## ##.
##..# ##....#####..
#...###......##.<..
##....>............#
#..................#
#......[..####.....#


You could see an acid dragon (catching breath).

Vanquished Creatures
  A hornet (D:7)
  A wyvern (D:8)
  Eustachio (D:5)
  A steam dragon (D:5)
  3 orc warriors (D:7)
  A sky beast (D:5)
  An ogre (D:5)
  A centaur (D:5)
  A phantom (D:5)
  A bullfrog (D:8)
  3 scorpions
  A necrophage (D:5)
  A gnoll sergeant (D:5)
  A gnoll bouda (D:6)
  2 orc priests (D:7)
  3 hounds
  A jelly (D:7)
  5 iguanas
  Robin (D:3)
  8 gnolls
  11 adders
  A shadow imp (D:5)
  2 white imps
  3 ufetubi
  3 worms
  3 dart slugs (D:1)
  10 orcs
  6 endoplasms
  2 giant cockroaches
  7 hobgoblins
  4 jackals (D:1)
  3 kobolds
  A quokka (D:2)
  7 ball pythons
  6 bats
  2 frilled lizards
  9 goblins
  4 rats
122 creatures vanquished.

Vanquished Creatures (others)
  2 fungi (D:1)
  4 plants
6 creatures vanquished.

Grand Total: 128 creatures vanquished

Notes
Turn   | Place    | Note
-------+----------+-------------------------------------------
     0 | D:1      | LnG the Hill Orc Fighter began the quest for the Orb.
     0 | D:1      | Reached XP level 1. HP: 19/19 MP: 1/1
   231 | D:1      | Reached XP level 2. HP: 27/27 MP: 2/2
   491 | D:1      | Reached skill level 3 in Axes
   576 | D:1      | Reached XP level 3. HP: 25/33 MP: 3/3
   660 | D:1      | Found a faded altar of an unknown god.
   734 | D:1      | Got Plato's Parchment of Ice
  1384 | D:2      | Reached skill level 4 in Axes
  1384 | D:2      | Reached XP level 4. HP: 40/40 MP: 4/4
  1493 | D:2      | Reached skill level 1 in Dodging
  2478 | D:3      | Reached XP level 5. HP: 46/46 MP: 5/5
  2481 | D:3      | Found a glowing golden altar of the Shining One.
  2651 | D:3      | Noticed Robin
  2669 | D:3      | Killed Robin
  2817 | D:3      | Found a hazy altar of Hepliaklqana.
  2854 | D:3      | Identified the +1 ring mail "Nadwaif" {+Blink Fly}
  3011 | D:3      | You are sucked into a shaft and drop 3 floors!
  3035 | D:6      | Found a broken altar of Ashenzari.
  3103 | D:6      | Noticed a centaur
  3157 | D:6      | Noticed a sky beast
  3179 | D:6      | Found a white marble altar of Elyvilon.
  3236 | D:5      | Entered Level 5 of the Dungeon
  3237 | D:5      | Noticed an ogre
  3387 | D:4      | Identified the +5 hand axe "Amiy" {protect, Will+}
  3840 | D:4      | Reached skill level 5 in Axes
  4160 | D:4      | Found an opulent altar of Gozag.
  4177 | D:4      | Reached XP level 6. HP: 53/53 MP: 6/6
  4654 | D:5      | Noticed a steam dragon
  4672 | D:5      | Killed a steam dragon
  4673 | D:5      | Reached skill level 6 in Axes
  4673 | D:5      | Reached skill level 5 in Armour
  4673 | D:5      | Reached XP level 7. HP: 32/60 MP: 7/7
  4855 | D:5      | Reached skill level 7 in Axes
  4973 | D:5      | Found a hide-covered altar of Uskayaw.
  5041 | D:5      | Noticed Eustachio
  5070 | D:5      | Killed Eustachio
  5071 | D:5      | Reached skill level 5 in Fighting
  5274 | D:5      | Reached XP level 8. HP: 68/68 MP: 8/8
  5713 | D:6      | Reached skill level 8 in Axes
  5768 | D:5      | Reached skill level 9 in Axes
  5893 | D:5      | Reached skill level 5 in Shields
  6710 | D:7      | Identified the +6 trident of Udavvoa {vorpal, *Rage Fly
                  | Str+9 Int-2}
  6721 | D:7      | Found a sparkling altar of Nemelex Xobeh.
  6771 | D:7      | Reached skill level 10 in Axes
  6771 | D:7      | Reached XP level 9. HP: 43/75 MP: 9/9
  6944 | D:7      | Found a staircase to the Ecumenical Temple.
  6961 | Temple   | Entered the Ecumenical Temple
  6969 | Temple   | Became a worshipper of Warmaster Okawaru
  7153 | D:7      | Reached skill level 1 in Stealth
  7253 | D:7      | Noticed a hornet
  7263 | D:7      | Killed a hornet
  8029 | D:8      | Killed from afar by an acid dragon

Illustrated notes

Levels and vault maps discovered:
D:1:      mrwooster_arrival_arrow, layout_basic,
          shapermc_ecumenical_altar_rom_forum
D:2:      layout_loops_ring
D:3:      layout_loops_ring, mainiacjoe_overflow_chevrons, tso_oasis_becter,
          grunt_decor_mini_mirrors, uniq_robin
D:4:      layout_loops_ring, nicolae_gozag_seed_capital
D:5:      layout_basic, kennysheep_little_box, uniq_eustachio
D:6:      layout_rooms, mainiacjoe_overflow_boulevard,
          nicolae_ashenzari_panopticon, item_on_display_a
D:7:      layout_basic, nemelex_altar_shiori, temple_pool_b, enter_bailey_1,
          hex_intersection, minivault_19
D:8:      layout_layer_cave, minmay_misc_feat_x
Temple:   dpeg_chambers_temple

Skill      XL: |  1  2  3  4  5  6  7  8  9 |
---------------+----------------------------+-----
Axes           | 3 4 5 6 7 10 | 10.6
Fighting       | 4 5 6 |  6.5
Dodging        | 1 2 |  2.3
Armour         | 4 5 6 |  6.9
Shields        | 4 5 |  5.9
Stealth        | 1 |  1.1

Action                   |  1- 3 |  4- 6 |  7- 9 || total
-------------------------+-------+-------+-------++-------
Melee: War axe           |    99 |   100 |       ||   199
       Hand axe          |       |    55 |   259 ||   314
Evoke: Wand              |       |       |     1 ||     1
  Use: Scroll            |       |    12 |     2 ||    14
       Potion            |       |       |     2 ||     2
Armor: Scale mail        |    65 |    70 |   118 ||   253
Dodge: Dodged            |    85 |    62 |    98 ||   245
Block: Buckler           |    35 |    39 |   129 ||   203
       Reflection        |       |       |     1 ||     1

Table legend: (Time is in decaauts)
 A = Elapsed time spent in this place.
 B = Non-inter-level travel time spent in this place.
 C = Inter-level travel time spent in this place.
 D = Time resting spent in this place.
 E = Time spent auto-exploring this place.
 F = Levels seen in this place.
 G = Mean time per level.
                   A        B        C        D        E       F      G
               +--------+--------+--------+--------+--------+-----+--------+
         Total |   8074 |   8049 |     25 |   2012 |   3167 |   9 |  897.1 |
       Dungeon |   8023 |   7998 |     25 |   2012 |   3167 |   8 | 1002.9 |
        Temple |     50 |     50 |      0 |      0 |      0 |   1 |   50.0 |
               +--------+--------+--------+--------+--------+-----+--------+

Top non-repeatable levels by time:
     D:2: 1477 daAuts
     D:5: 1293 daAuts
     D:7: 1275 daAuts
     D:4: 1074 daAuts
     D:3: 962 daAuts
     D:1: 956 daAuts
     D:6: 830 daAuts
     D:8: 153 daAuts
  Temple: 50 daAuts
